Map: Ascension to Aiur LE

Players

TYTY (TY)

  • Race: Terran Terran
  • Spawn Location: 11:00

SpeCial - Winner!

  • Race: Terran Terran
  • Spawn Location: 5:00

Event: 2017 WCS Global Finals

VOD

Have the link to the VOD?

Description

Time

  • Played on: Oct. 29, 2017, 11:49 a.m.
  • Length: 8:54

All games in this series

Show
View Real Time Build Order
Export as new Build Order

TYTY Terran 

Build Orders: Reaper Expand 

Get SALT Encoding   

  12  0:00  SCV  
  13  0:12  SCV  
  14  0:17  Supply Depot  
  14  0:24  SCV  
  15  0:38  SCV  
  15  0:40  Barracks  
  16  0:43  Refinery  
  16  0:50  SCV  
  17  1:02  SCV  
  18  1:15  SCV  
  19  1:27  Orbital Command  
  19  1:28  Reaper  
  20  1:45  Command Center  
  20  1:54  SCV  
  20  1:59  Supply Depot, Marine  
  22  2:06  Factory  
  22  2:11  SCV  
  23  2:18  Refinery  
  23  2:21  Barracks Reactor  
  23  2:23  SCV  
  24  2:36  SCV  
  24  2:48  SCV  
  25  2:56  Starport  
  25  3:00  SCV, Hellion x2  
  25  3:04  Orbital Command, Marine  
  31  3:12  SCV  
  32  3:24  SCV  
  33  3:28  Marine  
  33  3:29  Cyclone, Marine  
  33  3:32  Medivac, SCV  
  41  3:36  SCV  
  41  3:37  Supply Depot  
  42  3:44  SCV  
  42  3:46  Marine  
  42  3:47  Marine  
  45  3:48  SCV  
  44  3:56  SCV  
  44  4:00  SCV  
  44  4:01  Cyclone  
  47  4:04  Marine  
  47  4:05  Bunker, Marine  
  49  4:10  Viking  
  49  4:12  SCV  
  49  4:14  Supply Depot  
  49  4:15  SCV  
  52  4:22  Marine x2  
  54  4:27  Supply Depot  
  54  4:35  SCV x2, Cyclone  
  59  4:39  Supply Depot  
  61  4:47  SCV  
  61  4:49  SCV  
  61  4:50  Starport Tech Lab  
  63  4:59  Command Center  
  62  5:00  SCV  
  62  5:01  SCV, Marine  
  62  5:03  Marine  
  65  5:12  SCV  
  65  5:13  SCV  
  66  5:17  Supply Depot, Starport Tech Lab  
  66  5:18  Siege Tank  
  69  5:24  SCV, Marine x2  
  69  5:25  SCV  
  66  5:31  Engineering Bay  
  66  5:32  Engineering Bay  
  66  5:36  SCV  
  66  5:38  SCV  
  66  5:39  Barracks  
  68  5:44  Refinery  
  68  5:45  Refinery  
  68  5:48  Barracks, SCV  
  68  5:49  Marine  
  70  5:51  Stimpack  
  70  5:54  Starport Reactor  
  70  5:55  SCV  
  74  6:01  Missile Turret  
  74  6:03  SCV  
  74  6:06  Terran Infantry Weapons Level 1, Terran Infantry Armor Level 1  
  74  6:07  SCV, Marine  
  73  6:12  Orbital Command  
  73  6:15  Siege Tank  
  73  6:17  SCV  
  77  6:25  SCV, Marine  
  79  6:29  SCV  
  79  6:30  Orbital Command  
  79  6:31  Barracks x2  
  80  6:37  SCV  
  80  6:39  Starport Reactor  
  81  6:41  SCV  
  81  6:42  Marine  
  81  6:46  Marine x2  
  81  6:47  Supply Depot, Siege Tank, Marine x2  
  84  6:49  SCV  
  84  6:54  SCV  
  92  6:55  SCV  
  92  7:00  Marine  
  94  7:01  SCV  
  94  7:04  Armory, Marine x2  
  94  7:06  SCV  
  98  7:12  Orbital Command  
  98  7:14  Engineering Bay  
  98  7:15  Engineering Bay  
  98  7:19  Marine x2  
  98  7:21  Siege Tank  
  98  7:28  Marine x2  
  98  7:29  Barracks Tech Lab  
  99  7:30  Barracks Tech Lab  
  99  7:31  Medivac x2  
  99  7:36  Missile Turret, Marine  
  99  7:37  Marine  
  99  7:40  Missile Turret  
  99  7:47  Missile Turret, Marine x2  
  101  7:55  Marauder x2, Marine x2, Siege Tank  
  109  8:04  Orbital Command  
  108  8:12  Supply Depot  
  108  8:13  Supply Depot  
  108  8:15  Supply Depot x2  
  103  8:20  Marine  
  103  8:21  Medivac, Marine x2  
  103  8:22  Marine  
  103  8:23  Medivac, Marine  
  103  8:26  Orbital Command  
  101  8:27  Marine  
  101  8:31  Marine  
Show
View Real Time Build Order
Export as new Build Order

SpeCial Terran - Winner!

Build Orders: Gas First Reaper Expand, Reaper Expand 

Get SALT Encoding   

  12  0:00  SCV  
  13  0:12  SCV  
  14  0:17  Supply Depot  
  14  0:24  SCV  
  14  0:28  Refinery  
  15  0:38  SCV  
  16  0:44  Barracks  
  16  0:50  SCV  
  17  1:02  SCV  
  18  1:15  SCV  
  19  1:31  Reaper, Orbital Command  
  20  1:46  Command Center  
  20  1:57  Factory  
  20  2:00  SCV  
  21  2:05  Barracks Reactor  
  21  2:13  Supply Depot  
  21  2:14  SCV  
  22  2:20  Refinery  
  22  2:26  SCV  
  23  2:38  SCV  
  23  2:42  Hellion, Marine x2  
  26  2:51  SCV  
  27  2:56  Starport  
  27  3:03  SCV  
  28  3:10  Hellion  
  30  3:13  Barracks Tech Lab  
  30  3:14  Hellion  
  30  3:17  SCV  
  33  3:22  Orbital Command  
  33  3:29  SCV  
  34  3:38  Hellion x2  
  34  3:41  SCV  
  39  3:42  Raven  
  41  3:48  SCV  
  41  3:53  SCV  
  41  3:59  Supply Depot  
  41  4:00  SCV  
  41  4:05  SCV  
  42  4:10  Supply Depot  
  42  4:12  SCV, Cyclone  
  46  4:21  SCV, Cyclone  
  50  4:25  SCV  
  50  4:27  Viking  
  53  4:33  SCV  
  53  4:37  SCV  
  55  4:38  Refinery x2  
  55  4:43  Supply Depot  
  55  4:45  SCV  
  56  4:49  SCV  
  57  4:57  SCV  
  58  5:04  SCV  
  58  5:06  Factory, Barracks Reactor  
  59  5:09  SCV  
  59  5:10  Siege Tank  
  63  5:16  Viking  
  63  5:17  Supply Depot  
  65  5:24  Viking  
  65  5:25  SCV  
  65  5:27  SCV  
  69  5:34  Supply Depot  
  69  5:37  SCV  
  69  5:38  Supply Depot  
  69  5:39  SCV  
  69  5:40  Supply Depot  
  69  5:42  Siege Tank  
  74  5:49  SCV  
  75  5:51  SCV  
  75  5:54  Supply Depot  
  76  5:57  Hellion x2  
  76  6:01  Armory  
  80  6:05  Viking  
  83  6:11  SCV x2  
  83  6:12  Viking  
  83  6:14  Siege Tank  
  89  6:22  Hellion x2  
  89  6:23  SCV  
  89  6:24  Liberator, SCV  
  95  6:28  Liberator  
  95  6:32  Supply Depot  
  95  6:43  Hellion  
  95  6:44  Hellion  
  107  6:47  Hellion, SCV  
  107  6:48  SCV  
  109  7:00  Supply Depot  
  109  7:05  Hellion x2  
  111  7:08  SCV x2  
  111  7:10  Liberator  
  111  7:12  Liberator  
  113  7:21  Siege Tank  
  114  7:26  Hellion x2, SCV x2  
  126  7:37  Supply Depot  
  126  7:38  Supply Depot  
  126  7:59  Hellion, SCV x2, Siege Tank  
  126  8:01  Command Center  
  126  8:02  Hellion  
  135  8:11  SCV  
  136  8:20  Hellion  
  136  8:23  Hellion  
  129  8:31  Hellion  
  125  8:38  SCV x2  
Tags
 
Add a new tag
Caveats
  • Supply blocks, unpowered buildings, or Contaminate may cause inaccurate times.
  • Supply counts are checked every 10 seconds.